 Dungeon Crawl Stone Soup version 0.22.0-38-g04b72b8c25 (webtiles) character file.

364903 GordonOverkill the Conqueror (level 22, -17/233 HPs)
             Began as a Minotaur Summoner on Aug 25, 2018.
             Was the Champion of the Shining One.
             Killed by the effects of Hell (36 damage)
             ... on level 2 of the Iron City of Dis.
             The game lasted 02:04:13 (57164 turns).

GordonOverkill the Conqueror (Minotaur Summoner)   Turns: 57164, Time: 02:04:13

Health: -17/233    AC: 36    Str: 24 (25) XL:     22   Next: 13%
Magic:  33/33      EV: 14    Int:  7 (12) God:    the Shining One [******]
Gold:   924        SH:  2    Dex: 14 (16) Spells: 22/23 levels left

rFire    + . .     SeeInvis .   a - +9 great mace (crush)
rCold    + + .     Gourm    .   (shield currently unavailable)
rNeg     + + +     Faith    .   B - +6 plate armour {rF+}
rPois    +         Spirit   .   (helmet restricted)
rElec    +         Reflect  +   v - +2 cloak {MR+}
rCorr    .         Harm     .   z - +2 pair of gloves {Str+3}
MR       +++..                  m - +2 pair of boots "Cegh" {Dex+2}
Stlth    ..........             U - amulet of Sotiduak {Reflect rF+ rC+ Str+6 SH+2}
HPRegen  0.48/turn              M - ring "Huozximu" {Ice rElec rPois rN+ MR+ Str-4}
MPRegen  0.23/turn              H - +4 ring of slaying

@: berserk cooldown, slowed, glowing, very slow
A: retaliatory headbutt, horns 2, MP-powered wands
a: Divine Shield, Cleansing Flame, Summon Divine Warrior, Renounce Religion


You were on level 2 of the Iron City of Dis.
You worshipped the Shining One.
The Shining One was exalted by your worship.
You were full.

You visited 7 branches of the dungeon, and saw 34 of its levels.
You visited the Abyss 2 times.
You also visited: Labyrinth, Sewer and Ice Cave.

You collected 4255 gold pieces.
You spent 3331 gold pieces at shops.

Inventory:

Hand Weapons
 a - a +9 great mace of crushing (weapon)
 b - a +8 great mace of holy wrath
Missiles
 D - 3 throwing nets (quivered)
Armour
 m - the +2 pair of boots "Cegh" (worn) {Dex+2}
   (You found it on level 3 of the Elven Halls)

   It affects your dexterity (+2).
 v - a +2 cloak of magic resistance (worn)
 z - a +2 pair of gloves of strength (worn)
 B - a +6 plate armour of fire resistance (worn)
 F - +0 gold dragon scales
Jewellery
 G - the amulet of Pytog {Spirit rElec rF+}
   (You took it off a deep elf high priest on level 3 of the Elven Halls)

   [amulet of guardian spirit]

   It causes incoming damage to be split between your health and magic.
   It protects you from fire.
   It insulates you from electricity.
 H - a +4 ring of slaying (right hand)
 M - the ring "Huozximu" (left hand) {Ice rElec rPois rN+ MR+ Str-4}
   (You found it in a labyrinth)

   [ring of ice]

   It enhances your ice magic.
   It affects your strength (-4).
   It makes you vulnerable to fire.
   It protects you from cold.
   It insulates you from electricity.
   It protects you from poison.
   It protects you from negative energy.
   It affects your resistance to hostile enchantments.
 U - the amulet of Sotiduak (around neck) {Reflect rF+ rC+ Str+6 SH+2}
   (You bought it in a shop on level 2 of the Orcish Mines)

   [amulet of reflection]

   It shields you and reflects attacks.
   It affects your strength (+6).
   It protects you from fire.
   It protects you from cold.
   It affects your SH (+2).
 Y - the amulet of Vitality {Regen+ HP+15}
   (You took it off a deep elf high priest on level 3 of the Elven Halls)

   [amulet of regeneration]

   It affects your health (+15).
   It increases your rate of regeneration.
Wands
 t - a wand of iceblast (32)
 x - a wand of flame (57)
 J - a wand of scattershot (5)
 L - a wand of digging (49)
 P - a wand of paralysis (49)
 S - a wand of acid (12)
Scrolls
 c - a scroll of enchant armour
 d - a scroll of silence
 g - 3 scrolls of holy word
 i - 2 scrolls of summoning
 j - 13 scrolls of remove curse
 n - 8 scrolls of fog
 o - 11 scrolls of teleportation
 r - a scroll of magic mapping
 y - 2 scrolls of identify
 R - 2 scrolls of fear
Potions
 f - 6 potions of resistance
 h - 2 potions of magic
 k - 5 potions of lignification
 l - 12 potions of curing
 p - 5 potions of cancellation
 s - a potion of flight
 u - 5 potions of haste
 w - 6 potions of agility
 E - 3 potions of mutation
 I - 2 potions of ambrosia
 O - a potion of brilliance
 V - 7 potions of might
Miscellaneous
 A - a phantom mirror
 K - a lamp of fire
 Q - a lamp of fire
Comestibles
 e - 44 rations


   Skills:
 O Level 27 Fighting
 - Level 20.0 Maces & Flails
 - Level 20.0 Armour
 + Level 12.0 Dodging
 - Level 1.5 Stealth
 - Level 1.3 Spellcasting
 - Level 2.9 Summonings
 - Level 16.0 Invocations
 - Level 3.0 Evocations


You had 22 spell levels left.
You knew the following spells:

 Your Spells              Type           Power        Failure   Level  Hunger
a - Summon Small Mammal   Summ           #...         56%         1    ##.....

Your spell library contained the following spells:

 Spells                   Type           Power        Failure   Level  Hunger
 Summon Butterflies       Summ           #.......     56%         1    ##.....
 Call Imp                 Summ           #.......     71%         2    ###....
 Call Canine Familiar     Summ           #.......     90%         3    ####...
 Animate Skeleton         Necr           N/A          92%         1    ##.....
 Apportation              Tloc           #.....       92%         1    ##.....
 Beastly Appendage        Tmut           #.....       92%         1    ##.....
 Confusing Touch          Hex            #.....       92%         1    ##.....
 Corona                   Hex            #......      92%         1    ##.....
 Flame Tongue             Conj/Fire      #....        92%         1    ##.....
 Magic Dart               Conj           #...         92%         1    ##.....
 Pain                     Necr           #...         92%         1    ##.....
 Sandblast                Erth           #.....       92%         1    ##.....
 Passwall                 Tmut/Erth      #.......     98%         2    ###....
 Searing Ray              Conj           #.....       98%         2    ###....
 Slow                     Hex            #.......     98%         2    ###....
 Sticks to Snakes         Tmut           #.......     98%         2    ###....
 Throw Flame              Conj/Fire      #.....       98%         2    ###....
 Summon Guardian Golem    Hex/Summ       #.......     98%         3    ####...
 Conjure Flame            Conj/Fire      #.......     100%        3    ####...
 Dazzling Spray           Conj/Hex       #.....       100%        3    ####...
 Inner Flame              Hex/Fire       #.......     100%        3    ####...
 Lesser Beckoning         Tloc           #.........   100%        3    ####...
 Portal Projectile        Hex/Tloc       #.....       100%        3    ####...
 Regeneration             Chrm/Necr      #.........   100%        3    ####...
 Spider Form              Tmut/Pois      #.........   100%        3    ####...
 Static Discharge         Conj/Air       #.......     100%        3    ####...
 Stone Arrow              Conj/Erth      #.....       100%        3    ####...
 Tukima's Dance           Hex            #.......     100%        3    ####...
 Vampiric Draining        Necr           #.........   100%        3    ####...
 Animate Dead             Necr           N/A          100%        4    #####..
 Cause Fear               Hex            #.........   100%        4    #####..
 Force Lance              Conj/Tloc      #.......     100%        4    #####..
 Fulminant Prism          Conj/Hex       #.........   100%        4    #####..
 Ice Form                 Ice/Tmut       #.......     100%        4    #####..
 Iskenderun's Mystic Bla  Conj           #.......     100%        4    #####..
 Leda's Liquefaction      Hex/Erth       #.........   100%        4    #####..
 Petrify                  Tmut/Erth      #.......     100%        4    #####..
 Sticky Flame             Conj/Fire      #.......     100%        4    #####..
 Summon Ice Beast         Ice/Summ       #.......     100%        4    #####..
 Summon Lightning Spire   Summ/Air       #.......     100%        4    #####..
 Alistair's Intoxication  Tmut/Pois      #.......     100%        5    ######.
 Blade Hands              Tmut           #.........   100%        5    ######.
 Fireball                 Conj/Fire      #.........   100%        5    ######.
 Irradiate                Conj/Tmut      #.........   100%        5    ######.
 Lee's Rapid Deconstruct  Erth           #.........   100%        5    ######.
 Lightning Bolt           Conj/Air       #.........   100%        5    ######.
 Yara's Violent Unravell  Hex/Tmut       #.........   100%        5    ######.
 Bolt of Fire             Conj/Fire      #.........   100%        6    #######
 Dispersal                Tloc           #.........   100%        6    #######
 Hydra Form               Tmut           #.........   100%        6    #######
 Invisibility             Hex            #.......     100%        6    #######
 Iron Shot                Conj/Erth      #.........   100%        6    #######
 Statue Form              Tmut/Erth      #........    100%        6    #######
 Dragon Form              Tmut           #.........   100%        7    #######
 Malign Gateway           Summ/Tloc      #.........   100%        7    #######
 Monstrous Menagerie      Summ           #.........   100%        7    #######
 Summon Greater Demon     Summ           #.........   100%        7    #######
 Ignition                 Fire           #.........   100%        8    #######
 Summon Horrible Things   Summ           #.........   100%        8    #######
 Dragon's Call            Summ           #.........   100%        9    #######
 Shatter                  Erth           #.........   100%        9    #######
 Tornado                  Air            #.........   100%        9    #######


Dungeon Overview and Level Annotations

Branches:
Dungeon (15/15)            Temple (0/1) D:7            Lair (6/6) D:8
  Swamp (0/4) Lair:2        Snake (0/4) Lair:4        Slime (0/5) Lair:6
    Orc (2/2) D:12            Elf (3/3) Orc:2        Vaults (0/5) D:14
 Depths (5/5) D:15           Hell (1/1)                 Dis (2/7) Hell
    Geh (0/7) Hell            Coc (0/7) Hell            Tar (0/7) Hell
    Zot (0/5) Depths:5

Altars:
Ashenzari
Dithmenos
Elyvilon
Gozag
Kikubaaqudgha
Makhleb
Qazlal
Ru
Sif Muna
Vehumet
Wu Jian
The Shining One
Jiyva

Shops:
D:5 [   D:9 %   Orc:1 [   Orc:2 }!=*   Elf:3 *   Depths:2 ![

Portals:
Hell: Depths:1 Depths:2 Depths:3 Depths:4 Depths:5
Abyss: Depths:2 Depths:4
Pandemonium: Depths:3
Ziggurat: Depths:2

Annotations:
Elf:2 1 runed door


Innate Abilities, Weirdness & Mutations

You reflexively headbutt those who attack you in melee.
You have a pair of horns on your head.
You expend magic power (3 MP) to strengthen your wands.


Message History

A red film seems to cover your vision as you go berserk!
You feel yourself moving faster!
You feel mighty!
You crush the iron giant like a grape!!!
You kill the iron giant!
You feel your dexterity returning.
Training target 20.0 for Armour reached!
Your Armour skill increases to level 20!
You need to enable at least one skill for training.
You slam the door shut with a bang!
You feel a strong urge to attack something.
You start resting.
You feel your anger nearly subside.
You start resting.
You are no longer berserk.
You are exhausted.
You feel yourself slow down.
You start resting. "Leave now, before it is too late!"
You are blasted with magical energy!
You die...

########################
#.......................
#...#######.............
#...#.)...#.............
#...#.)...#.............
#...#).@).#.............
#...##+####.............
#>..#).†..#.............
#...'.....#.............
#...#######.............
#.......>...............
#.......................
#.......................
#......................


There were no monsters in sight!

Vanquished Creatures
  Mennas (Depths:4)
  Saint Roka (Depths:2)
  Margery (Depths:1)
  Xtahua (Depths:5)
  A golden dragon (Depths:2)
  Geryon (Hell)
  the Enchantress (Depths:4)
  A bone dragon (Depths:5)
  An iron giant (Dis:2)
  Asterion (Depths:2)
  2 Hell Sentinels (Dis:2)
  3 liches
  A deep elf blademaster (Elf:3)
  2 titans
  3 deep elf master archers (Elf:3)
  A quicksilver dragon (Depths:4)
  An acid blob (Lair:6)
  Murray (Hell)
  An Executioner (Dis:1)
  A sphinx (Depths:2)
  2 shadow dragons (Depths:5)
  A tentacled starspawn (Abyss:2)
  2 tengu reavers
  A draconian monk (Depths:5)
  2 storm dragons
  2 frost giants (Depths:4)
  4 fire giants
  Louise (Depths:4)
  9 deep elf sorcerers
  An iron dragon (Depths:4)
  A cacodemon (Hell)
  A balrug (Dis:2)
  2 deep elf elementalists
  A draconian shifter (Depths:5)
  A juggernaut skeleton (Depths:3)
  15 reapers
  6 spriggan defenders
  2 vampire knights (Depths:4)
  15 stone giants
  9 very ugly things
  6 deep elf demonologists (Elf:3)
  2 yellow draconians (Depths:5)
  3 green draconians (Depths:5)
  2 lorocyprocas
  6 deep elf annihilators (Elf:3)
  A black draconian (Depths:5)
  A minotaur (Lab)
  A red draconian (Depths:5)
  6 spark wasps
  8 ettins
  Snorg (Lair:4)
  6 deep elf death magi
  2 green deaths (Abyss:2)
  6 fire dragons
  7 great orbs of eyes
  8 yaktaur captains
  3 merfolk impalers
  4 blizzard demons
  4 deep elf high priests
  2 quicksilver dragon zombies
  11 hydras
  3 vault guards (D:14)
  4 rakshasas
  3 hell beasts
  Harold (Lair:1)
  A centaur warrior (D:15)
  8 ice dragons
  5 spriggan air magi (Depths:4)
  A two-headed ogre (shapeshifter) (Depths:5)
  31 dancing weapons
  21 two-headed ogres
  5 ogre magi
  4 deep troll earth magi
  6 deep troll shamans
  A titan zombie (Dis:1)
  2 death yaks (Lair:4)
  8 hell hogs
  5 vampire magi
  3 thrashing horrors (Abyss:2)
  A tengu warrior (Depths:2)
  An orc high priest (Elf:1)
  6 spriggan berserkers
  Nergalle (Lair:3)
  14 deep elf knights
  Sonja (Orc:1)
  3 soul eaters (Depths:5)
  A storm dragon zombie (Abyss:2)
  An iron troll (Depths:3)
  3 iron golems (Dis:2)
  18 skeletal warriors
  A storm dragon skeleton (Depths:3)
  2 titan skeletons (Depths:3)
  11 hell knights
  A death drake (shapeshifter) (Depths:4)
  2 shadow demons (Dis:1)
  A golden dragon zombie (Dis:2)
  2 unseen horrors
  An anaconda zombie (Dis:2)
  2 golden dragon skeletons
  A glowing orange brain (Depths:4)
  10 deep trolls
  2 wizards
  19 deep elf archers
  5 orc knights
  2 tengu zombies (Hell)
  6 necromancers
  2 harpies (shapeshifter)
  2 phantasmal warriors (Depths:4)
  55 deep elf magi
  22 ugly things
  6 cyclopes
  3 stone giant zombies
  A sphinx skeleton (Depths:3)
  3 orc sorcerers
  A fire giant zombie (Hell)
  An oklob plant (Lair:4)
  A mana viper (shapeshifter) (Depths:5)
  4 manticores
  2 shadow dragon skeletons (Depths:3)
  4 tengu skeletons (Depths:3)
  An elephant (Lair:4)
  5 centaur zombies
  3 ice statues (IceCv)
  2 dire elephant zombies
  An iron dragon skeleton (Depths:3)
  2 spriggan zombies (Hell)
  3 black mambas
  A guardian serpent (shapeshifter) (Elf:1)
  4 frost giant skeletons (Depths:3)
  A molten gargoyle (Lair:5)
  14 rust devils
  An apocalypse crab (Abyss:2)
  A minotaur zombie (Dis:2)
  21 spiny frogs
  2 orange demons (Hell)
  2 gargoyles
  3 smoke demons
  A torpor snail (Lair:4)
  3 rime drakes (Lair:4)
  4 centaur skeletons
  4 spriggan skeletons
  4 hellions
  A freezing wraith (D:15)
  19 yaktaurs
  A rime drake (shapeshifter) (Depths:2)
  6 komodo dragons
  2 ancient zymes (Abyss:2)
  2 efreet
  A kobold demonologist (D:15)
  4 red devils
  2 elf skeletons (Depths:3)
  An anaconda simulacrum (Hell)
  A tengu conjurer (Depths:2)
  6 tormentors
  12 ice devils
  A jumping spider (shapeshifter) (Elf:2)
  3 meliai (Lair:4)
  2 queen bees
  9 trolls
  3 hydra zombies (Hell)
  3 tyrant leeches (Lair:6)
  A hydra skeleton (Hell)
  2 polar bears
  5 hornets
  A tengu simulacrum (Depths:1)
  14 dream sheep (Lair:6)
  12 hippogriffs
  17 slime creatures
  28 blink frogs
  A deep troll zombie (Hell)
  3 fire dragon zombies
  A spriggan (shapeshifter) (Depths:5)
  An ettin zombie (Dis:1)
  15 flying skulls
  3 air elementals
  3 spriggans (Depths:5)
  14 water elementals
  3 starcursed masses (Abyss:2)
  A redback (shapeshifter) (Depths:2)
  An ettin skeleton (Depths:3)
  11 shadows
  5 wraiths
  A vampire (D:12)
  35 yaks
  5 basilisks
  6 wyverns
  7 fire elementals
  3 humans
  3 hogs (D:10)
  2 hungry ghosts (D:12)
  A golden eye (Elf:3)
  A ynoxinul (Abyss:2)
  A chaos spawn (Abyss:2)
  A steam dragon (Lair:3)
  8 vampire mosquitoes
  7 wargs
  4 soldier ants
  A soldier ant (shapeshifter) (Depths:5)
  3 large abominations (Abyss:2)
  An acid dragon (D:15)
  9 hell hounds
  20 water moccasins
  5 porcupines
  Duvessa (D:7)
  4 phantoms
  A spiny frog skeleton (Hell)
  A necrophage (D:9)
  An eye of draining (shapeshifter) (D:14)
  3 sky beasts
  28 orc warriors
  4 black bears
  3 eyes of draining
  5 ice beasts
  32 ogres
  2 wolves (Lair:4)
  14 centaurs
  8 crocodiles
  2 big kobolds
  2 yaktaur zombies (Hell)
  A gnoll sergeant (D:10)
  26 bullfrogs
  A wyvern zombie (D:13)
  Dowan (D:7)
  An earth elemental (Elf:1)
  2 wyvern skeletons
  A small abomination (Abyss:2)
  8 scorpions
  58 killer bees
  14 wights
  6 electric eels
  3 howler monkeys (D:12)
  11 crimson imps
  A quasit (D:9)
  2 draconian simulacra (IceCv)
  7 jellies
  A bullfrog zombie (D:6)
  6 hounds
  A human zombie (Dis:2)
  21 orc wizards
  4 bullfrog skeletons
  11 orc priests
  8 iron imps
  Ijyb (D:4)
  12 worker ants
  2 iguanas
  2 hell rats
  2 spriggan simulacra (IceCv)
  A troll simulacrum (IceCv)
  8 ogre zombies (D:12)
  A naga zombie (Dis:2)
  4 mummies
  A worker ant zombie (D:7)
  A howler monkey skeleton (D:9)
  24 adders
  14 gnolls
  3 naga simulacra (IceCv)
  A river rat (Lair:4)
  2 ogre simulacra (IceCv)
  3 shadow imps
  3 white imps
  An ufetubus (Abyss:2)
  11 oozes
  3 adder skeletons
  A worm (D:2)
  2 dart slugs
  16 leopard geckos
  83 orcs
  4 bats
  18 giant cockroaches
  6 goblins
  7 hobgoblins
  4 jackals (D:7)
  11 kobolds
  3 quokkas
  20 ball pythons
  12 frilled lizards
  A giant cockroach zombie (D:6)
  A goblin skeleton (D:6)
  4 goblin zombies
  6 hobgoblin zombies
  3 kobold skeletons (D:6)
  A kobold zombie (D:6)
  9 orc skeletons
  15 orc zombies (D:12)
  A quokka skeleton (D:4)
  4 rats
  2 plants (Lair:6)
  A starspawn tentacle (Abyss:2)
1600 creatures vanquished.

Vanquished Creatures (collateral kills)
  An ancient lich (Depths:2)
  A bone dragon (Depths:3)
  A very ugly thing (Abyss:2)
  A reaper (Dis:2)
  A juggernaut skeleton (Depths:3)
  A vampire knight (Depths:1)
  A blizzard demon (Hell)
  4 two-headed ogres (Orc:2)
  An ogre mage (Orc:2)
  2 dancing weapons (Elf:1)
  A hell hog (Hell)
  2 hell knights (Depths:3)
  A deep elf knight (Elf:1)
  A storm dragon skeleton (Depths:3)
  An iron golem (Dis:2)
  A skeletal warrior (Depths:3)
  A death drake (shapeshifter) (Depths:3)
  A shadow dragon zombie (Hell)
  2 deep elf magi (Elf:1)
  An ugly thing (Depths:1)
  A fire giant skeleton (Depths:3)
  A frost giant skeleton (Depths:3)
  An ice statue (Hell)
  2 ice devils (Hell)
  A red devil (Dis:2)
  A flying skull (Depths:3)
  A spriggan skeleton (Depths:3)
  4 water elementals
  2 hell hounds
  An orc warrior (Orc:2)
  A black bear (shapeshifter) (Depths:3)
  An ice dragon simulacrum (Depths:1)
  2 ogres (Orc:2)
  A crimson imp (Hell)
  3 hell rats (Hell)
  2 adders (D:2)
  An ufetubus (Abyss:2)
  An orc (Orc:2)
  A giant cockroach (D:1)
  A goblin (D:3)
  4 hobgoblins
  2 bats
  3 frilled lizards (D:1)
  2 kobolds (D:1)
  3 rats (D:1)
69 creatures vanquished.

Vanquished Creatures (others)
  An orc high priest (Elf:1)
  A soul eater (Hell)
  A small abomination (Abyss:2)
  A quasit (Abyss:2)
  An iron imp (Dis:2)
  An orc (Elf:1)
  A bush (Lair:6)
  17 fungi
  45 plants
  3 starspawn tentacles (Abyss:2)
72 creatures vanquished.

Grand Total: 1741 creatures vanquished

Notes
Turn   | Place    | Note
-------+----------+-------------------------------------------
     0 | D:1      | GordonOverkill the Minotaur Summoner began the quest for the Orb.
     0 | D:1      | Reached XP level 1. HP: 14/14 MP: 1/1
   464 | D:1      | Reached skill level 1 in Fighting
   891 | D:1      | Reached skill level 2 in Fighting
  1023 | D:1      | Reached XP level 2. HP: 15/24 MP: 0/3
  1632 | D:1      | Reached skill level 3 in Fighting
  1972 | D:1      | Reached XP level 3. HP: 31/31 MP: 4/4
  2456 | D:2      | Reached skill level 4 in Fighting
  2622 | D:2      | Found an ancient bone altar of Kikubaaqudgha.
  2884 | D:2      | Reached XP level 4. HP: 24/41 MP: 1/5
  3906 | D:3      | Reached skill level 5 in Fighting
  4098 | D:3      | Found a white marble altar of Elyvilon.
  4244 | D:3      | Reached XP level 5. HP: 37/48 MP: 2/6
  4688 | D:4      | Got a heavily runed ring mail
  4699 | D:4      | Identified the +2 ring mail "Zuskib" {rCorr} (You found it on level 4 of the Dungeon)
  5107 | D:4      | Noticed an ogre
  5432 | D:4      | Noticed Ijyb
  5447 | D:4      | Killed Ijyb
  5447 | D:4      | Reached skill level 6 in Fighting
  5447 | D:4      | Reached XP level 6. HP: 55/57 MP: 7/7
  5504 | D:4      | Reached skill level 1 in Evocations
  5636 | D:4      | Reached skill level 7 in Fighting
  5930 | D:5      | Entered Level 5 of the Dungeon
  5930 | D:5      | Found Doeviu's Armour Shop.
  6159 | D:5      | Reached XP level 7. HP: 66/66 MP: 8/8
  6171 | D:5      | Found a glowing drain.
  6217 | Sewer    | Entered a sewer
  6689 | Sewer    | Reached skill level 1 in Maces & Flails
  7079 | D:5      | Found an opulent altar of Gozag.
  7590 | D:6      | Reached skill level 8 in Fighting
  7897 | D:5      | Reached XP level 8. HP: 66/74 MP: 9/9
  7974 | D:6      | Reached skill level 1 in Armour
  8216 | D:6      | Found a glowing golden altar of the Shining One.
  8345 | D:6      | Became a worshipper of the Shining One
  8394 | D:6      | Reached skill level 5 in Maces & Flails
  8846 | D:7      | Found a white marble altar of Elyvilon.
  8866 | D:7      | Reached skill level 1 in Invocations
  8870 | D:7      | Reached skill level 5 in Dodging
  9424 | D:7      | Found a staircase to the Ecumenical Temple.
  9520 | D:7      | Noticed Duvessa
  9544 | D:7      | Killed Duvessa
  9544 | D:7      | Reached XP level 9. HP: 38/82 MP: 10/10
  9574 | D:7      | Noticed Dowan
  9577 | D:7      | Killed Dowan
  9935 | D:7      | Reached * piety under the Shining One
  9957 | D:7      | Reached skill level 9 in Fighting
 10523 | D:7      | Found a radiant altar of Vehumet.
 10524 | D:7      | Found a burning altar of Makhleb.
 11100 | D:8      | Reached skill level 5 in Armour
 11331 | D:8      | Found a runed door.
 11344 | D:8      | Found a runed door.
 11410 | D:8      | Identified a scroll of acquirement
 11875 | D:8      | Found a staircase to the Lair.
 11948 | D:8      | Found an ornate altar of the Wu Jian Council.
 12036 | D:8      | Reached skill level 10 in Maces & Flails
 12036 | D:8      | Reached skill level 5 in Invocations
 12046 | D:8      | Reached XP level 10. HP: 73/91 MP: 12/12
 12132 | D:9      | Found Niuwon's Food Shoppe.
 12148 | D:9      | Reached ** piety under the Shining One
 12941 | D:9      | Noticed a two-headed ogre
 12961 | D:9      | Killed a two-headed ogre
 13237 | D:9      | Found a stormy altar of Qazlal.
 13248 | D:9      | Found a shattered altar of Ashenzari.
 13251 | D:9      | Found a deep blue altar of Sif Muna.
 13677 | D:9      | Found a sacrificial altar of Ru.
 13737 | D:10     | Entered Level 10 of the Dungeon
 14385 | D:10     | Reached XP level 11. HP: 77/96 MP: 13/13
 15222 | D:5      | Bought a +2 plate armour of fire resistance for 480 gold pieces
 15710 | D:11     | Reached skill level 10 in Fighting
 16188 | D:11     | Reached *** piety under the Shining One
 16508 | D:12     | Noticed a brown ugly thing
 16531 | D:12     | Killed a brown ugly thing
 16531 | D:12     | Reached skill level 15 in Maces & Flails
 16649 | D:12     | Reached skill level 11 in Fighting
 17144 | D:12     | Reached **** piety under the Shining One
 17188 | D:12     | Found a staircase to the Orcish Mines.
 17213 | D:12     | Reached ***** piety under the Shining One
 17318 | D:12     | Noticed an unseen horror
 17328 | D:12     | Killed an unseen horror
 17485 | D:12     | Reached XP level 12. HP: 112/112 MP: 14/14
 17684 | D:13     | Noticed a two-headed ogre
 17685 | D:13     | Reached skill level 12 in Fighting
 17699 | D:13     | Killed a two-headed ogre
 18963 | D:13     | Paralysed by a hornet for 2 turns
 19142 | D:14     | Noticed a six-headed hydra
 19147 | D:14     | Killed a six-headed hydra
 19394 | D:14     | Noticed a vault guard
 19402 | D:14     | Killed a vault guard
 19710 | D:14     | Found a gate to the Vaults.
 19710 | D:14     | Noticed a vault guard
 19710 | D:14     | Noticed a vault guard
 19717 | D:14     | Killed a vault guard
 19717 | D:14     | Reached XP level 13. HP: 109/118 MP: 11/15
 20165 | D:14     | Found a shadowy altar of Dithmenos.
 20469 | D:15     | Entered Level 15 of the Dungeon
 20566 | D:15     | Reached ****** piety under the Shining One
 20851 | D:15     | Found a staircase to the Depths.
 21912 | D:15     | Reached skill level 10 in Armour
 22166 | D:15     | HP: 4/118 [efreet/fireball (14)]
 22831 | D:15     | Reached XP level 14. HP: 87/126 MP: 19/19
 23233 | Lair:1   | Entered Level 1 of the Lair of Beasts
 23773 | Lair:1   | Noticed Harold
 23794 | Lair:1   | Killed Harold
 24019 | Lair:2   | Found a labyrinth entrance.
 24050 | Lab      | Entered a labyrinth
 24476 | Lab      | Got a scintillating brass ring
 24476 | Lab      | Got a transparent jade amulet
 24509 | Lair:2   | Identified the ring "Huozximu" {Ice rElec rPois rN+ MR+ Str-4} (You found it in a labyrinth)
 24513 | Lair:2   | Identified the amulet of Veph {+Rage rF+ rN+ Str+4} (You found it in a labyrinth)
 24770 | Lair:2   | Found a staircase to the Swamp.
 25174 | Lair:3   | Noticed Nergalle
 25182 | Lair:3   | Killed Nergalle
 25684 | Lair:4   | Noticed Snorg
 25694 | Lair:4   | Killed Snorg
 25735 | Lair:4   | Reached skill level 10 in Invocations
 26082 | Lair:4   | Found a staircase to the Snake Pit.
 26268 | Lair:4   | Found a frozen archway.
 26280 | IceCv    | Entered an ice cave
 26948 | IceCv    | Reached skill level 13 in Fighting
 27039 | IceCv    | Got a slimy dire flail
 27043 | IceCv    | Identified the +8 dire flail of Ascent {flame, +Fly Str+3 Int+5} (You found it in an ice cave)
 28229 | Lair:5   | Reached XP level 15. HP: 111/136 MP: 22/22
 28580 | Lair:5   | Got a polished great mace
 28581 | Lair:5   | Identified the +1 great mace of Power {flame, rC+ Dex+2} (You acquired it on level 5 of the Lair of Beasts)
 28647 | Lair:5   | You fall through a shaft!
 28647 | Lair:6   | Entered Level 6 of the Lair of Beasts
 28765 | Lair:6   | Reached skill level 14 in Fighting
 29994 | Lair:6   | Reached skill level 15 in Fighting
 30196 | Lair:6   | Found a runed door.
 30196 | Lair:6   | Found a viscous altar of Jiyva.
 30196 | Lair:6   | Noticed an acid blob
 30203 | Lair:6   | Found a staircase to the Slime Pits.
 30523 | Lair:6   | Killed an acid blob
 31265 | Orc:1    | Entered Level 1 of the Orcish Mines
 31301 | Orc:1    | Noticed Sonja
 31335 | Orc:1    | Killed Sonja
 31420 | Orc:1    | Found Cenley's Antique Armour Shop.
 31552 | Orc:2    | Entered Level 2 of the Orcish Mines
 32518 | Orc:2    | Found Xedeiqo's Gadget Shop.
 32518 | Orc:2    | Found Xysox's Jewellery Shoppe.
 32518 | Orc:2    | Found Koacviege's Distillery.
 32518 | Orc:2    | Found Mopon's Assorted Antiques.
 32535 | Orc:2    | Bought the amulet of Sotiduak {Reflect rF+ rC+ Str+6 SH+2} for 575 gold pieces
 32536 | Orc:2    | Bought a scroll of teleportation for 81 gold pieces
 32537 | Orc:2    | Bought a potion of cancellation for 112 gold pieces
 32537 | Orc:2    | Bought a potion of heal wounds for 70 gold pieces
 32537 | Orc:2    | Bought a potion of resistance for 140 gold pieces
 32537 | Orc:2    | Bought a potion of heal wounds for 70 gold pieces
 32537 | Orc:2    | Bought a potion of curing for 42 gold pieces
 32537 | Orc:2    | Bought 2 potions of might for 112 gold pieces
 32537 | Orc:2    | Bought a potion of might for 56 gold pieces
 32537 | Orc:2    | Bought a potion of curing for 42 gold pieces
 32537 | Orc:2    | Bought a potion of curing for 42 gold pieces
 32537 | Orc:2    | Bought a potion of curing for 42 gold pieces
 32716 | Orc:2    | Reached XP level 16. HP: 93/149 MP: 25/25
 33054 | Orc:2    | Found a staircase to the Elven Halls.
 33156 | Elf:1    | Entered Level 1 of the Elven Halls
 33253 | Orc:2    | Reached skill level 15 in Invocations
 34544 | Elf:1    | Reached skill level 16 in Fighting
 35000 | Elf:1    | Got a pair of shimmering gloves
 35001 | Elf:1    | Identified the cursed +0 pair of gloves "Lotuimebets" {Str+2 SInv} (You found it on level 1 of the Elven Halls)
 35799 | Elf:2    | Found a radiant altar of Vehumet.
 36668 | Elf:2    | Found a runed door.
 36695 | Elf:2    | Found a runed door.
 37340 | Elf:2    | Reached XP level 17. HP: 153/157 MP: 27/27
 37503 | Elf:2    | Reached skill level 15 in Armour
 37676 | Elf:3    | Entered Level 3 of the Elven Halls
 38083 | Elf:3    | Found Luempise's General Store.
 38090 | Elf:3    | Bought a potion of haste for 180 gold pieces
 38090 | Elf:3    | Bought a wand of acid (10) for 504 gold pieces
 38212 | Elf:3    | Reached skill level 17 in Fighting
 39187 | Elf:3    | Noticed a deep elf master archer
 39192 | Elf:3    | Killed a deep elf master archer
 39192 | Elf:3    | Reached skill level 18 in Fighting
 39495 | Elf:3    | Noticed a deep elf master archer
 39511 | Elf:3    | Killed a deep elf master archer
 39864 | Elf:3    | Noticed a deep elf master archer
 39877 | Elf:3    | Killed a deep elf master archer
 40006 | Elf:3    | Reached skill level 19 in Fighting
 40012 | Elf:3    | Got a coiled emerald amulet
 40109 | Elf:3    | Noticed a deep elf blademaster
 40129 | Elf:3    | Killed a deep elf blademaster
 40185 | Elf:3    | Noticed a Brimstone Fiend
 40187 | Elf:3    | Cast into level 2 of the Abyss (a deep elf demonologist)
 40749 | Abyss:2  | Identified the amulet "Vowem" {+Rage rPois Str+2 Int+4} (You took it off a deep elf demonologist on level 3 of the Elven Halls)
 41041 | Abyss:2  | Reached XP level 18. HP: 178/178 MP: 28/28
 41043 | Abyss:2  | Reached skill level 20 in Fighting
 41068 | Elf:3    | Escaped the Abyss
 42003 | Elf:3    | Got a scintillating amethyst amulet
 42031 | Elf:3    | Reached skill level 10 in Dodging
 42065 | Elf:3    | Identified the Catalogue of Mutagenic Dislocation
 42072 | Elf:3    | Identified the amulet of Pytog {Spirit rElec rF+} (You took it off a deep elf high priest on level 3 of the Elven Halls)
 42123 | Elf:3    | Got a pair of fine boots
 42134 | Elf:3    | Identified the +2 pair of boots "Cegh" {Dex+2} (You found it on level 3 of the Elven Halls)
 42409 | Depths:1 | Entered Level 1 of the Depths
 42934 | Depths:1 | Noticed Margery
 43209 | Depths:1 | Killed Margery
 43241 | Depths:1 | Identified Sif Muna's Disquisition on Creation and Clay
 43946 | Depths:1 | Found a gateway to Hell.
 45444 | Depths:2 | Found a one-way gate to the infinite horrors of the Abyss.
 45754 | Depths:2 | Noticed Asterion
 45778 | Depths:2 | Killed Asterion
 45784 | Depths:2 | Reached XP level 19. HP: 163/188 MP: 27/30
 45819 | Depths:2 | Reached skill level 21 in Fighting
 46152 | Depths:2 | Found Xiethraoz's Distillery.
 46158 | Depths:2 | Bought a potion of might for 56 gold pieces
 46158 | Depths:2 | Bought a potion of might for 56 gold pieces
 46158 | Depths:2 | Bought 2 potions of might for 112 gold pieces
 46158 | Depths:2 | Bought a potion of heal wounds for 70 gold pieces
 46158 | Depths:2 | Bought a potion of curing for 42 gold pieces
 46158 | Depths:2 | Bought 2 potions of curing for 84 gold pieces
 46158 | Depths:2 | Bought a potion of curing for 42 gold pieces
 46158 | Depths:2 | Bought a potion of curing for 42 gold pieces
 46158 | Depths:2 | Found Wiydghopn's Armour Shop.
 46167 | Depths:2 | Bought a +2 cloak of magic resistance for 279 gold pieces
 46203 | Depths:2 | Found a gateway to a ziggurat.
 46204 | Depths:2 | Noticed an ancient lich
 46240 | Depths:2 | Killed an ancient lich
 47002 | Depths:2 | Noticed a golden dragon
 47011 | Depths:2 | Noticed Saint Roka
 47163 | Depths:2 | Killed a golden dragon
 47362 | Depths:2 | Killed Saint Roka
 47362 | Depths:2 | Reached skill level 22 in Fighting
 48914 | Depths:3 | Noticed a bone dragon
 48927 | Depths:3 | Killed a bone dragon
 48927 | Depths:3 | Reached skill level 23 in Fighting
 49321 | Depths:3 | Identified a +8 great mace of holy wrath (a +6 great mace of flaming blessed by the Shining One)
 49321 | Depths:3 | Received a gift from the Shining One
 49886 | Depths:3 | Found a one-way gate leading to the halls of Pandemonium.
 49904 | Depths:3 | Reached XP level 20. HP: 206/206 MP: 31/31
 49907 | Depths:3 | Reached skill level 24 in Fighting
 50167 | Depths:4 | Noticed the Enchantress
 50174 | Depths:4 | Noticed Mennas
 50186 | Depths:4 | Killed the Enchantress
 50234 | Depths:4 | Killed Mennas
 50819 | Depths:4 | Reached skill level 25 in Fighting
 50883 | Depths:4 | Noticed Louise
 50896 | Depths:4 | Killed Louise
 51311 | Depths:5 | Entered Level 5 of the Depths
 51886 | Depths:4 | Reached skill level 26 in Fighting
 51947 | Depths:4 | Got a distressingly furry plate armour
 51948 | Depths:4 | Identified the +4 plate armour "Oskedeus" {rC+ Dex+2} (You found it on level 4 of the Depths)
 52321 | Depths:5 | Noticed Xtahua
 52334 | Depths:5 | Killed Xtahua
 52636 | Depths:5 | Found a gate to the Realm of Zot.
 52666 | Depths:5 | Noticed a bone dragon
 52682 | Depths:5 | Killed a bone dragon
 52682 | Depths:5 | Reached XP level 21. HP: 222/222 MP: 32/32
 53181 | Depths:5 | Reached skill level 27 in Fighting
 54011 | Hell     | Entered the Vestibule of Hell
 54011 | Hell     | Noticed Geryon
 54558 | Hell     | Killed Geryon
 54600 | Hell     | Found a gateway to the ashen valley of Gehenna.
 54656 | Hell     | Gained mutation: You expend magic power (3 MP) to strengthen your wands. [a cacodemon]
 54702 | Hell     | Noticed Murray
 54713 | Hell     | Killed Murray
 54714 | Hell     | Found a gateway to the Iron City of Dis.
 54763 | Hell     | Found a gateway to the freezing wastes of Cocytus.
 54811 | Hell     | Found a gateway to the decaying netherworld of Tartarus.
 55265 | Dis:1    | Entered Level 1 of the Iron City of Dis
 55529 | Dis:1    | Cast into level 4 of the Abyss (a Zot trap)
 55531 | Abyss:4  | Found a corrupted altar of Lugonu.
 55547 | Dis:1    | Escaped the Abyss
 56606 | Dis:2    | Found a burning altar of Makhleb.
 56662 | Dis:2    | Reached XP level 22. HP: 79/233 MP: 33/33
 57146 | Dis:2    | HP: 9/233 [iron giant/giant club (35)]
 57164 | Dis:2    | Killed by the effects of Hell

Skill      XL: |  1  2  3  4  5  6  7  8  9 10 11 12 13 14 15 16 17 18 19 20 21 22 |
---------------+-------------------------------------------------------------------+-----
Fighting       | 2 3 4 5 6 7 8 9 11 12 13 15 16 19 20 23 26 27 | 27.0
Dodging        | 3 4 5 7 8 12 | 12.0
Evocations     | 2 3 |  3.0
Maces & Flails | 3 6 10 13 15 18 19 20 | 20.0
Armour         | 3 5 6 8 10 14 15 19 20 | 20.0
Invocations    | 2 5 8 11 14 15 16 | 16.0
Stealth        | |  1.5
Spellcasting   | |  1.3
Summonings     | |  2.9

Action                   |  1- 3 |  4- 6 |  7- 9 | 10-12 | 13-15 | 16-18 | 19-21 | 22-24 || total
-------------------------+-------+-------+-------+-------+-------+-------+-------+-------++-------
Melee: Unarmed           |    39 |       |     9 |       |       |       |       |       ||    48
       Headbutt          |     2 |    22 |    73 |   115 |   177 |   209 |   320 |    18 ||   936
       Spear             |       |   162 |       |       |       |       |       |       ||   162
       Halberd           |       |    20 |   167 |       |       |       |       |       ||   187
       Whip              |       |       |   169 |       |       |       |       |       ||   169
       Flail             |       |       |   154 |   467 |       |       |       |       ||   621
       Great mace        |       |       |       |   234 |  1077 |   973 |  1178 |    62 ||  3524
 Fire: Hunting sling     |    93 |     1 |       |       |       |       |       |       ||    94
 Cast: Summon Small Mamm |    42 |    44 |       |       |       |       |       |       ||    86
Invok: Divine Shield     |       |       |       |     8 |     7 |     7 |     5 |       ||    27
       Summon Divine War |       |       |       |       |     1 |     5 |     6 |     1 ||    13
       Brand Weapon With |       |       |       |       |       |       |     1 |       ||     1
 Abil: Evoke Berserk Rag |       |       |       |       |     1 |       |       |       ||     1
Evoke: Wand              |       |     5 |     1 |       |     1 |    12 |     7 |       ||    26
  Use: Potion            |     1 |     2 |       |     2 |     6 |     3 |    15 |     2 ||    31
       Scroll            |     5 |     7 |     5 |     8 |    19 |    16 |     8 |       ||    68
 Stab: Distracted        |       |     1 |       |       |       |       |       |       ||     1
       Sleeping          |       |     1 |       |       |       |       |       |       ||     1
  Eat: Chunk             |     7 |    13 |    16 |    28 |    23 |    18 |     7 |       ||   112
       Ration            |       |       |     1 |     1 |     6 |     8 |    12 |       ||    28
Armor: Robe              |    18 |     2 |       |       |       |       |       |       ||    20
       Leather armour    |       |    13 |       |       |       |       |       |       ||    13
       Ring mail         |       |    28 |   201 |    58 |       |       |       |       ||   287
       Skin              |       |       |     2 |       |       |       |       |       ||     2
       Plate armour      |       |       |       |   197 |   536 |   446 |   728 |    27 ||  1934
Dodge: Dodged            |   100 |   104 |   365 |   410 |   623 |   445 |   604 |    19 ||  2670
Block: Other             |       |       |       |    24 |    42 |    66 |   163 |     1 ||   296
       Reflection        |       |       |       |       |       |       |     1 |       ||     1
